[Event "24th Bosnjaci Open 2019"]
[Site "Bosnjaci"]
[Date "2019.01.06"]
[Round "6.12"]
[White "Golub, Nikolina"]
[Black "Dabic, Stjepan"]
[Result "0-1"]
[ECO "B73"]
[WhiteElo "1925"]
[BlackElo "2077"]
[Annotator "NA"]
[PlyCount "106"]
[EventDate "2019.01.03"]
[EventType "swiss"]
[EventCountry "CRO"]
[SourceTitle "playchess.com"]
[Source "ChessBase"]
[SourceQuality "1"]
[TimeControl "5400+30"]

1. e4 c5 2. Nf3 d6 3. d4 cxd4 4. Nxd4 Nf6 5. Nc3 g6 6. Be3 Bg7 7. Be2 O-O 8. O-O Nc6 9. h3 d5 10. exd5 Nxd5 11. Nxd5 Qxd5 12. Bf3 Qc4 13. Nxc6 bxc6 14. c3 Bf5 15. Qb3 Qa6 16. a4 e5 17. Rfe1 Bd3 18. Bc5 Rfe8 19. Be4 Bc4 20. Qa3 f5 21. Bc2 Qb7 22. b3 Bd5 23. b4 Qf7 24. Rad1 a6 25. f3 Kh8 26. Re2 Rad8 27. Ree1 Bf6 28. Rb1 Bh4 29. Bf2 Bxf2+ 30. Kxf2 Qa7+ 31. Kg3 f4+ 32. Kh2 Qf2 33. Be4 Be6 34. Rg1 Bxh3 35. Rb2 Qg3+ 36. Kh1 Bf5 37. Rf1 Bxe4 38. fxe4 Rd3 39. Qb3 Kg7 40. Qc4 Rxc3 41. Qxa6 Rf8 42. Rbf2 Qh4+ 43. Kg1 g5 44. Qb7+ Rf7 45. Qb8 Re7 46. Rd2 Qh5 47. Rd8 Qf7 48. a5 g4 49. a6 f3 50. g3 Rc2 51. Rf2 Rxf2 52. a7 Rg2+ 53. Kf1 Qc4+ 0-1

[Event "24th Bosnjaci Open 2019"]
[Site "Bosnjaci"]
[Date "2019.01.06"]
[Round "6.13"]
[White "Tomljenovic, Mile"]
[Black "Ivekovic, Tihana"]
[Result "0-1"]
[ECO "B30"]
[WhiteElo "1794"]
[BlackElo "2071"]
[Annotator "NA"]
[PlyCount "52"]
[EventDate "2019.01.03"]
[EventType "swiss"]
[EventCountry "CRO"]
[SourceTitle "playchess.com"]
[Source "ChessBase"]
[SourceQuality "1"]
[TimeControl "5400+30"]

1. e4 c5 2. Nc3 e6 3. Nf3 a6 4. a3 Nc6 5. Bc4 b5 6. Ba2 Nf6 7. d3 Qc7 8. Bg5 Be7 9. O-O O-O 10. Qd2 Bb7 11. Ne2 Rad8 12. Ng3 d6 13. c3 Ne5 14. Nxe5 dxe5 15. Bxf6 Bxf6 16. Rad1 g6 17. Qe2 Rd6 18. Qg4 Bg7 19. h4 Qd7 20. Bb1 f5 21. exf5 exf5 22. Qe2 Kh8 23. f3 Qd8 24. h5 Qg5 25. Qf2 gxh5 26. Qxc5 Rg6 0-1

[Event "24th Bosnjaci Open 2019"]
[Site "Bosnjaci"]
[Date "2019.01.08"]
[Round "6.14"]
[White "Dejanovic, Tereza"]
[Black "Lazor, Vladimir"]
[Result "0-1"]
[ECO "B08"]
[WhiteElo "1916"]
[BlackElo "2164"]
[Annotator "ChessBase"]
[PlyCount "86"]
[EventDate "2019.01.03"]
[EventType "swiss"]
[EventCountry "CRO"]
[TimeControl "5400+30"]

1. e4 d6 2. d4 g6 3. Nf3 Bg7 4. Nc3 Nf6 5. Bd3 Nc6 6. a3 Bg4 7. Be2 O-O 8. Be3 e5 9. d5 Ne7 10. O-O a6 11. h3 Bd7 12. Qd2 Ne8 13. Bh6 f5 14. Bxg7 Kxg7 15. exf5 Nxf5 16. Ne4 Nf6 17. Nxf6 Qxf6 18. Qg5 Qf7 19. c4 h6 20. Qd2 g5 21. Rac1 b6 22. b4 a5 23. c5 axb4 24. axb4 bxc5 25. bxc5 Rae8 26. c6 Bc8 27. Ra1 Ne7 28. Rfd1 Ng6 29. Ra7 Re7 30. Ra8 Qf6 31. Rf1 Nf4 32. Nh2 h5 33. Ba6 Bxa6 34. Rxa6 Qg6 35. f3 Rfe8 36. Ra7 Kg8 37. g3 Nxh3+ 38. Kg2 g4 39. fxg4 hxg4 40. Qe2 Rg7 41. Ra4 Nf4+ 42. gxf4 exf4 43. Nxg4 Rxe2+ 0-1

[Event "24th Bosnjaci Open 2019"]
[Site "Bosnjaci"]
[Date "2019.01.06"]
[Round "6.15"]
[White "Boban, Sten"]
[Black "Ljubicic, Mario"]
[Result "1-0"]
[ECO "E73"]
[WhiteElo "2105"]
[BlackElo "1886"]
[Annotator "NA"]
[PlyCount "67"]
[EventDate "2019.01.03"]
[EventType "swiss"]
[EventCountry "CRO"]
[SourceTitle "playchess.com"]
[Source "ChessBase"]
[SourceQuality "1"]
[TimeControl "5400+30"]

1. d4 Nf6 2. c4 g6 3. Nc3 Bg7 4. e4 d6 5. Be2 O-O 6. Be3 Nbd7 7. g4 e5 8. d5 a5 9. g5 Ne8 10. h4 Nc5 11. Nf3 Bg4 12. Nd2 Bxe2 13. Qxe2 Qd7 14. h5 c6 15. f3 Nc7 16. Nb3 b6 17. Qh2 Bh8 18. dxc6 Qe7 19. Nd5 Nxd5 20. cxd5 Ra7 21. O-O-O Nxb3+ 22. axb3 Rb8 23. Qh3 a4 24. hxg6 fxg6 25. Qe6+ Qxe6 26. dxe6 axb3 27. Rxd6 Bg7 28. Rd7 Ra6 29. c7 Re8 30. Rd8 Ra1+ 31. Kd2 Ra8 32. Bxb6 Bf8 33. Rc1 Bb4+ 34. Ke2 1-0

[Event "24th Bosnjaci Open 2019"]
[Site "Bosnjaci"]
[Date "2019.01.06"]
[Round "6.16"]
[White "Tomas, Ante"]
[Black "Tadic, Drago"]
[Result "1-0"]
[ECO "C50"]
[WhiteElo "2102"]
[BlackElo "1880"]
[Annotator "NA"]
[PlyCount "49"]
[EventDate "2019.01.03"]
[EventType "swiss"]
[EventCountry "CRO"]
[SourceTitle "playchess.com"]
[Source "ChessBase"]
[SourceQuality "1"]
[TimeControl "5400+30"]

1. e4 e5 2. Nf3 Nc6 3. d4 exd4 4. Bc4 h6 5. O-O Bc5 6. c3 dxc3 7. Bxf7+ Kf8 8. Bb3 d6 9. Nxc3 Nf6 10. e5 Ng4 11. Ne4 Bf5 12. Qd5 Qe7 13. exd6 Bxd6 14. Qxf5+ Nf6 15. Nxf6 Qxf6 16. Qxf6+ gxf6 17. Be3 Ne5 18. Nxe5 fxe5 19. Rac1 Ke7 20. Bc5 Rhc8 21. Rfe1 b6 22. Rxe5+ Kf8 23. Rf5+ Kg7 24. Bxd6 cxd6 25. Rd1 1-0

[Event "24th Bosnjaci Open 2019"]
[Site "Bosnjaci"]
[Date "2019.01.06"]
[Round "6.17"]
[White "Bekcic, Martin"]
[Black "Ascic, Anto"]
[Result "1/2-1/2"]
[ECO "A48"]
[WhiteElo "1898"]
[BlackElo "2093"]
[Annotator "NA"]
[PlyCount "41"]
[EventDate "2019.01.03"]
[EventType "swiss"]
[EventCountry "CRO"]
[SourceTitle "playchess.com"]
[Source "ChessBase"]
[SourceQuality "1"]
[TimeControl "5400+30"]

1. d4 Nf6 2. Bf4 g6 3. e3 Bg7 4. Nf3 d6 5. Nbd2 O-O 6. Bc4 Nbd7 7. h3 Re8 8. O-O h6 9. c3 e5 10. dxe5 dxe5 11. Bh2 e4 12. Nd4 a6 13. b4 c5 14. bxc5 Nxc5 15. a4 Qa5 16. Qc2 Bd7 17. N2b3 Nxb3 18. Qxb3 Rec8 19. Bxf7+ Kh7 20. c4 Rc5 21. Be6 1/2-1/2

[Event "24th Bosnjaci Open 2019"]
[Site "Bosnjaci"]
[Date "2019.01.06"]
[Round "6.18"]
[White "Krso, Enver"]
[Black "Caric, Mato"]
[Result "0-1"]
[ECO "A34"]
[WhiteElo "1840"]
[BlackElo "2088"]
[Annotator "NA"]
[PlyCount "108"]
[EventDate "2019.01.03"]
[EventType "swiss"]
[EventCountry "CRO"]
[SourceTitle "playchess.com"]
[Source "ChessBase"]
[SourceQuality "1"]
[TimeControl "5400+30"]

1. e4 c5 2. Nf3 d6 3. Be2 Nf6 4. d3 g6 5. c4 Bg7 6. Nc3 Nc6 7. O-O O-O 8. a3 a6 9. Rb1 Nd7 10. Bd2 Nd4 11. Qc1 Nb3 12. Qd1 Nxd2 13. Qxd2 Ne5 14. Nd1 Nxf3+ 15. Bxf3 b5 16. b3 Rb8 17. Ne3 Bd7 18. Ng4 h5 19. Ne3 e6 20. h3 b4 21. a4 Qh4 22. Qe2 Be5 23. Rfd1 Kg7 24. g3 Qg5 25. h4 Qf6 26. Ng2 Qe7 27. Kh2 Bc6 28. Rh1 f5 29. Kg1 Bd4 30. Rf1 Rf7 31. Nf4 Rbf8 32. Nh3 fxe4 33. Bxe4 Bxe4 34. Qxe4 Rf5 35. Rh2 d5 36. Qe2 dxc4 37. dxc4 Rf3 38. Rg2 Rxb3 39. Qe4 e5 40. Kh1 Rb2 41. Ng5 Rfxf2 42. Rgxf2 Rxf2 43. Rxf2 Bxf2 44. Kg2 Bd4 45. Qd5 b3 46. Qc6 b2 47. Ne6+ Kh6 48. Qc8 e4 49. Nxd4 cxd4 50. Qh8+ Qh7 51. Qf8+ Qg7 52. Qb4 d3 53. Qd2+ Kh7 54. Qe1 d2 0-1

[Event "24th Bosnjaci Open 2019"]
[Site "Bosnjaci"]
[Date "2019.01.06"]
[Round "6.19"]
[White "Egerc, Josip"]
[Black "Borzan, Andrej"]
[Result "0-1"]
[ECO "B07"]
[WhiteElo "2081"]
[BlackElo "1818"]
[Annotator "NA"]
[PlyCount "50"]
[EventDate "2019.01.03"]
[EventType "swiss"]
[EventCountry "CRO"]
[SourceTitle "playchess.com"]
[Source "ChessBase"]
[SourceQuality "1"]
[TimeControl "5400+30"]

1. e4 d6 2. d4 Nf6 3. Bd3 g6 4. h3 Bg7 5. Nf3 O-O 6. Be3 Nbd7 7. Qd2 e5 8. Bh6 exd4 9. Bxg7 Kxg7 10. Nxd4 Nc5 11. Nc3 Re8 12. f3 d5 13. b4 dxe4 14. O-O Qxd4+ 15. Kh1 Nxd3 16. cxd3 exd3 17. Nb5 Qc4 18. a4 Re2 19. Qg5 d2 20. Rad1 Qxb4 21. Nxc7 Rb8 22. Qxf6+ Kxf6 23. Nd5+ Kg7 24. Nxb4 Be6 25. Nd3 Bb3 0-1

[Event "24th Bosnjaci Open 2019"]
[Site "Bosnjaci"]
[Date "2019.01.06"]
[Round "6.20"]
[White "Mutapcic, Ilija"]
[Black "Jergovic, Andrija"]
[Result "1-0"]
[ECO "D85"]
[WhiteElo "1836"]
[BlackElo "2012"]
[Annotator "NA"]
[PlyCount "103"]
[EventDate "2019.01.03"]
[EventType "swiss"]
[EventCountry "CRO"]
[SourceTitle "playchess.com"]
[Source "ChessBase"]
[SourceQuality "1"]
[TimeControl "5400+30"]

1. d4 Nf6 2. Nf3 g6 3. c4 Bg7 4. Nc3 d5 5. cxd5 Nxd5 6. e4 Nxc3 7. bxc3 c5 8. Bb5+ Bd7 9. Bxd7+ Nxd7 10. O-O O-O 11. Be3 Qc7 12. Rc1 Rad8 13. Qb3 b6 14. e5 e6 15. a4 Rc8 16. Rfe1 c4 17. Qa3 Nb8 18. Ng5 Qc6 19. f3 Na6 20. Ne4 Nc7 21. Nd6 Nd5 22. Nxc8 Rxc8 23. Bd2 Bf8 24. Qa1 a6 25. Rb1 Rb8 26. Rb2 Be7 27. g3 Rb7 28. Kf2 Bf8 29. h4 Be7 30. Rh1 Bd8 31. Qd1 b5 32. axb5 axb5 33. Qa1 f6 34. Qa8 Qd7 35. exf6 b4 36. Bg5 Kf7 37. h5 Nb6 38. Qa1 bxc3 39. hxg6+ Kxg6 40. Rxb6 Bxb6 41. Be3 Kxf6 42. Qxc3 Qd5 43. Rh6+ Kg7 44. Qc2 Kg8 45. Rh4 Bd8 46. Rg4+ Rg7 47. Rxg7+ Kxg7 48. Qe4 Qd7 49. Ke2 Bf6 50. g4 Qd5 51. Qf4 Kg8 52. Qxf6 1-0

[Event "24th Bosnjaci Open 2019"]
[Site "Bosnjaci"]
[Date "2019.01.06"]
[Round "6.21"]
[White "Duda, Daniel"]
[Black "Pleh, Semir"]
[Result "1/2-1/2"]
[ECO "D60"]
[WhiteElo "1991"]
[BlackElo "1767"]
[Annotator "NA"]
[PlyCount "146"]
[EventDate "2019.01.03"]
[EventType "swiss"]
[EventCountry "CRO"]
[SourceTitle "playchess.com"]
[Source "ChessBase"]
[SourceQuality "1"]
[TimeControl "5400+30"]

1. d4 Nf6 2. c4 e6 3. Nc3 d5 4. Bg5 Be7 5. Nf3 O-O 6. e3 c6 7. Qc2 Nbd7 8. Bd3 dxc4 9. Bxc4 Nd5 10. Bxe7 Qxe7 11. O-O Nxc3 12. Qxc3 b5 13. Bd3 Bb7 14. b4 a6 15. a3 Rac8 16. Rac1 Rfe8 17. Rc2 g6 18. Rfc1 e5 19. Nxe5 Nxe5 20. dxe5 Qxe5 21. Qxe5 Rxe5 22. Be2 Rd5 23. Bf3 Rd6 24. g3 Kf8 25. Rc5 f6 26. R1c3 Ke7 27. g4 Kd8 28. h4 Kc7 29. g5 Kb6 30. e4 fxg5 31. hxg5 Re8 32. Bg2 Rf8 33. e5 Rd1+ 34. Kh2 Rxf2 35. Kh3 Rf7 36. Bxc6 Re1 37. Bxb7 Kxb7 38. Rd3 Re7 39. Kg4 Re4+ 40. Kf3 R4xe5 41. Rxe5 Rxe5 42. Kf4 Rf5+ 43. Kg4 Rf7 44. Rd6 Rc7 45. Kf4 Rc4+ 46. Ke5 Rg4 47. Kf6 Rf4+ 48. Kg7 Rf5 49. Kh6 Rf7 50. Rf6 Rc7 51. Rf8 Rc3 52. Rf7+ Kb6 53. Rxh7 Rxa3 54. Kxg6 Rb3 55. Rh4 a5 56. Kf5 axb4 57. g6 Rc3 58. g7 Rc5+ 59. Kg6 Rc6+ 60. Kh7 Rc7 61. Rxb4 Ka5 62. Rg4 b4 63. Kh6 Rxg7 64. Rxg7 Ka4 65. Ra7+ Kb3 66. Kg5 Kc4 67. Rc7+ Kd3 68. Rb7 Kc3 69. Kf4 b3 70. Ke3 b2 71. Rc7+ Kb3 72. Rb7+ Kc3 73. Rxb2 Kxb2 1/2-1/2

[Event "24th Bosnjaci Open 2019"]
[Site "Bosnjaci"]
[Date "2019.01.06"]
[Round "6.22"]
[White "Luketic, Ivan"]
[Black "Pasalic, Adnan"]
[Result "1/2-1/2"]
[ECO "E01"]
[WhiteElo "1801"]
[BlackElo "1973"]
[Annotator "NA"]
[PlyCount "89"]
[EventDate "2019.01.03"]
[EventType "swiss"]
[EventCountry "CRO"]
[SourceTitle "playchess.com"]
[Source "ChessBase"]
[SourceQuality "1"]
[TimeControl "5400+30"]

1. Nf3 d5 2. g3 Nf6 3. d4 e6 4. Nbd2 Bd6 5. Bg2 O-O 6. O-O Nbd7 7. c4 c6 8. Re1 b6 9. a3 a5 10. Qc2 Bb7 11. e4 dxe4 12. Nxe4 Nxe4 13. Qxe4 Nf6 14. Qc2 c5 15. Be3 Qc7 16. b3 h6 17. Rad1 Ng4 18. Qc3 Nxe3 19. Qxe3 cxd4 20. Nxd4 Bc5 21. Nb5 Qe7 22. Qc1 Bxg2 23. Kxg2 Rfd8 24. h3 Qb7+ 25. f3 Qe7 26. h4 Rxd1 27. Rxd1 Rd8 28. Rxd8+ Qxd8 29. Qc2 Qf6 30. Nc3 Qd4 31. Kh3 Qg1 32. Qd1 Qxd1 33. Nxd1 Bxa3 34. Nf2 Kf8 35. Nd3 Ke7 36. Kg2 Kd6 37. f4 f6 38. Kf3 Bc5 39. h5 Bd4 40. Ke4 Bc3 41. g4 Bd2 42. f5 Bg5 43. fxe6 Kxe6 44. Nf2 Bd2 45. Nd3 1/2-1/2

[Event "24th Bosnjaci Open 2019"]
[Site "Bosnjaci"]
[Date "2019.01.08"]
[Round "6.24"]
[White "Novosad, Ivan"]
[Black "Andrijevic, Milan"]
[Result "0-1"]
[ECO "D55"]
[WhiteElo "1840"]
[BlackElo "2244"]
[Annotator "ChessBase"]
[PlyCount "70"]
[EventDate "2019.01.03"]
[EventType "swiss"]
[EventCountry "CRO"]
[TimeControl "5400+30"]

1. d4 d5 2. c4 e6 3. Nc3 Nf6 4. Bg5 Be7 5. e3 O-O 6. Nf3 Ne4 7. Bxe7 Qxe7 8. cxd5 Nxc3 9. d6 cxd6 10. bxc3 e5 11. Be2 b6 12. Rc1 Bb7 13. O-O Nc6 14. Re1 Na5 15. Nd2 Rac8 16. Qa4 Qg5 17. g3 Qg6 18. c4 Rc7 19. d5 h5 20. Nb3 Nxb3 21. axb3 Bc8 22. Qa2 h4 23. Bf3 f5 24. Qc2 Qg5 25. Qd2 Rcf7 26. Bg2 f4 27. exf4 exf4 28. Rc3 Qh6 29. gxh4 Qxh4 30. f3 Rf6 31. Rc2 Rg6 32. Kh1 Rh6 33. Kg1 Qxh2+ 34. Kf1 Rg6 35. Qf2 Rxg2 0-1

[Event "24th Bosnjaci Open 2019"]
[Site "Bosnjaci"]
[Date "2019.01.08"]
[Round "7.14"]
[White "Lazor, Vladimir"]
[Black "Mutapcic, Ilija"]
[Result "1-0"]
[ECO "C49"]
[WhiteElo "2164"]
[BlackElo "1836"]
[Annotator "ChessBase"]
[PlyCount "77"]
[EventDate "2019.01.03"]
[EventType "swiss"]
[EventCountry "CRO"]
[TimeControl "5400+30"]

1. e4 e5 2. Nf3 Nf6 3. Nc3 Nc6 4. Bb5 Bb4 5. d3 Nd4 6. Ba4 b5 7. Bb3 d6 8. h3 h6 9. O-O Nxb3 10. axb3 Bxc3 11. bxc3 O-O 12. c4 b4 13. c5 Re8 14. Bb2 Bb7 15. Ra5 Nd7 16. cxd6 cxd6 17. Qa1 a6 18. Nd2 f6 19. Nc4 Nb6 20. Ne3 Rc8 21. Qd1 Nd7 22. Ra4 a5 23. Qg4 Kh7 24. Nf5 Rg8 25. Nxd6 Bc6 26. Ra2 Ra8 27. Rfa1 Nc5 28. Nf5 Bd7 29. Bc1 Ne6 30. Qh4 Ng5 31. Bxg5 fxg5 32. Qg3 g6 33. Ne3 Re8 34. Nc4 h5 35. Rxa5 Rxa5 36. Rxa5 h4 37. Qf3 Be6 38. Ra7+ Re7 39. Qf6 1-0

[Event "24th Bosnjaci Open 2019"]
[Site "Bosnjaci"]
[Date "2019.01.08"]
[Round "7.15"]
[White "Borzan, Andrej"]
[Black "Katic, Zeljko"]
[Result "1/2-1/2"]
[ECO "E61"]
[WhiteElo "1818"]
[BlackElo "2035"]
[Annotator "NA"]
[PlyCount "150"]
[EventDate "2019.01.03"]
[EventType "swiss"]
[EventCountry "CRO"]
[TimeControl "5400+30"]

1. d4 Nf6 2. Nf3 g6 3. Bf4 Bg7 4. e3 d6 5. c4 O-O 6. Nc3 Re8 7. Be2 Nbd7 8. O-O Nh5 9. Bg3 Nxg3 10. hxg3 e5 11. d5 e4 12. Nd4 a6 13. Qc2 Nf6 14. Rad1 Qe7 15. Rfe1 h5 16. b4 Qe5 17. Rc1 Qg5 18. Bf1 h4 19. gxh4 Qxh4 20. g3 Qg5 21. Bg2 Bf5 22. Nxf5 gxf5 23. Ne2 Ng4 24. Nf4 Be5 25. Bh3 Nf6 26. Qd2 Kg7 27. c5 Rh8 28. Bg2 Rh7 29. cxd6 cxd6 30. Rc7 Rah8 31. Ne6+ Kg6 32. Nxg5 Kxg5 33. Rxb7 Ng4 34. Ra7 Nh2 35. Qe2 Kf6 36. Rc1 Rg8 37. Rcc7 Rgg7 38. Qxa6 Nf3+ 39. Kf1 Rh2 40. Bxf3 exf3 41. Rxf7+ Rxf7 42. Rxf7+ Kxf7 43. Kg1 Rg2+ 44. Kf1 Rh2 45. Ke1 Bc3+ 46. Kd1 Rxf2 47. Qxd6 Rd2+ 48. Kc1 f2 49. Qe6+ Kg7 50. Qd7+ Kg6 51. Qc6+ Bf6 52. Kxd2 f1=Q 53. b5 Qf2+ 54. Kd3 Qxa2 55. b6 Qb3+ 56. Ke2 Kg5 57. b7 Be5 58. d6 Bxg3 59. d7 Qb2+ 60. Kd3 Qb3+ 61. Kd2 Qb2+ 62. Kd1 Qb1+ 63. Qc1 Qd3+ 64. Qd2 Qb1+ 65. Ke2 Qb5+ 66. Kf3 Bc7 67. d8=Q+ Bxd8 68. Qxd8+ Kh5 69. b8=Q Qf1+ 70. Kg3 Qg1+ 71. Kf4 Qf2+ 72. Ke5 Qxe3+ 73. Kxf5 Qf3+ 74. Qf4 Qd5+ 75. Qe5 Qxd8 1/2-1/2

[Event "24th Bosnjaci Open 2019"]
[Site "Bosnjaci"]
[Date "2019.01.08"]
[Round "7.16"]
[White "Andrijevic, Milan"]
[Black "Turicar, Goran"]
[Result "1-0"]
[ECO "B07"]
[WhiteElo "2244"]
[BlackElo "1862"]
[Annotator "ChessBase"]
[PlyCount "93"]
[EventDate "2019.01.03"]
[EventType "swiss"]
[EventCountry "CRO"]
[TimeControl "5400+30"]

1. e4 d6 2. d4 Nf6 3. Nc3 Nbd7 4. g3 e5 5. Nge2 Be7 6. Bg2 O-O 7. O-O c6 8. a4 a5 9. h3 Re8 10. Be3 Bf8 11. g4 exd4 12. Bxd4 c5 13. Be3 Ne5 14. g5 Nh5 15. f4 Nc4 16. Bc1 Bd7 17. Kh2 Bc6 18. Nd5 Nb6 19. Nec3 g6 20. Bf3 Bxd5 21. Nxd5 Nxd5 22. Qxd5 Ng7 23. Qxb7 Rb8 24. Qd5 Ne6 25. c3 Rb6 26. Bg2 Bg7 27. Kh1 Nc7 28. Qc4 Qe7 29. Rb1 Reb8 30. Rf2 Rb3 31. Ra1 R3b6 32. Ra2 Rd8 33. Be3 Rbb8 34. Ra1 Bf8 35. Qd3 Re8 36. Re1 Rbd8 37. Qc4 Qd7 38. Rd2 Qe7 39. Rdd1 Rb8 40. Bc1 h6 41. Rf1 Red8 42. f5 hxg5 43. fxg6 d5 44. gxf7+ Kg7 45. exd5 Qe5 46. Qg4 Be7 47. Bf4 1-0

[Event "24th Bosnjaci Open 2019"]
[Site "Bosnjaci"]
[Date "2019.01.08"]
[Round "7.17"]
[White "Ascic, Anto"]
[Black "Luketic, Ivan"]
[Result "1-0"]
[ECO "B30"]
[WhiteElo "2093"]
[BlackElo "1801"]
[Annotator "NA"]
[PlyCount "85"]
[EventDate "2019.01.03"]
[EventType "swiss"]
[EventCountry "CRO"]
[TimeControl "5400+30"]

1. e4 c5 2. Nf3 Nc6 3. c4 e5 4. Nc3 Nf6 5. d3 d6 6. Be2 Be7 7. O-O O-O 8. a3 Bg4 9. Rb1 a6 10. Nd5 Nxd5 11. cxd5 Bxf3 12. Bxf3 Nd4 13. b4 b5 14. Be3 Bg5 15. Bg4 Ra7 16. Qc1 Be7 17. f4 Rc7 18. Qd2 c4 19. Bxd4 exd4 20. dxc4 Bf6 21. c5 g6 22. cxd6 Qxd6 23. e5 Bxe5 24. fxe5 Qxe5 25. Rbd1 Qxd5 26. Qxd4 Qg5 27. Qf4 Qxf4 28. Rxf4 f5 29. Bf3 Rc3 30. Bd5+ Kg7 31. Rf3 Rc7 32. Rfd3 Rf6 33. Bf3 Rff7 34. Rd6 Rfe7 35. Rxa6 Re3 36. Bc6 Kh6 37. Bxb5 Rc2 38. Bf1 f4 39. Rf6 Kg5 40. Rf7 Rxa3 41. Rd5+ Kg4 42. h3+ Rxh3 43. gxh3+ 1-0

[Event "24th Bosnjaci Open 2019"]
[Site "Bosnjaci"]
[Date "2019.01.08"]
[Round "7.18"]
[White "Pejic, Ivo"]
[Black "Lesic, Krunoslav"]
[Result "0-1"]
[ECO "C01"]
[WhiteElo "1845"]
[BlackElo "2067"]
[Annotator "NA"]
[PlyCount "58"]
[EventDate "2019.01.03"]
[EventType "swiss"]
[EventCountry "CRO"]
[TimeControl "5400+30"]

1. e4 e6 2. d4 d5 3. exd5 exd5 4. Nf3 Bf5 5. Bd3 Bxd3 6. Qxd3 c6 7. O-O Be7 8. Re1 Na6 9. c3 Nc7 10. Bf4 Ne6 11. Be5 Nf6 12. h3 O-O 13. Nbd2 b5 14. b4 a5 15. a3 Qb6 16. Nh2 axb4 17. axb4 Ra4 18. Nb3 Rfa8 19. Na5 Ne4 20. Rxa4 bxa4 21. f3 Nxc3 22. Bc7 Qb5 23. Qf5 Ne2+ 24. Kf2 Bh4+ 25. g3 Bxg3+ 26. Bxg3 N2xd4 27. Qg4 Qxb4 28. Be5 Qxa5 29. Bxg7 Qd2+ 0-1

[Event "24th Bosnjaci Open 2019"]
[Site "Bosnjaci"]
[Date "2019.01.08"]
[Round "7.19"]
[White "Slobodjanac, Sinisa"]
[Black "Duda, Daniel"]
[Result "0-1"]
[ECO "A00"]
[WhiteElo "1797"]
[BlackElo "1991"]
[Annotator "NA"]
[PlyCount "78"]
[EventDate "2019.01.03"]
[EventType "swiss"]
[EventCountry "CRO"]
[TimeControl "5400+30"]

1. b4 e6 2. Bb2 Nf6 3. b5 d5 4. e3 Be7 5. Nf3 O-O 6. c4 c6 7. Nc3 dxc4 8. Bxc4 cxb5 9. Bxb5 a6 10. Be2 b5 11. a3 Bb7 12. O-O Nbd7 13. d4 Rc8 14. Nd2 Qa5 15. Nb3 Qb6 16. Bf3 Bxf3 17. Qxf3 b4 18. Na4 Qb5 19. axb4 Bxb4 20. Nbc5 Nxc5 21. dxc5 Nd7 22. Qg4 g6 23. c6 Nc5 24. Bf6 Nxa4 25. Rxa4 Qxa4 26. Qf4 Rfe8 27. Be5 f5 28. Qg5 Be7 29. Qh6 Bf8 30. Qg5 Bg7 31. Bxg7 Kxg7 32. Rb1 Qxc6 33. h4 h6 34. Qg3 e5 35. f4 e4 36. h5 Rb8 37. Ra1 Re6 38. Qh3 Rb2 39. g4 Qb5 0-1

[Event "24th Bosnjaci Open 2019"]
[Site "Bosnjaci"]
[Date "2019.01.08"]
[Round "7.20"]
[White "Pasalic, Adnan"]
[Black "Tomljenovic, Mile"]
[Result "1-0"]
[ECO "E91"]
[WhiteElo "1973"]
[BlackElo "1794"]
[Annotator "NA"]
[PlyCount "91"]
[EventDate "2019.01.03"]
[EventType "swiss"]
[EventCountry "CRO"]
[TimeControl "5400+30"]

1. d4 Nf6 2. c4 g6 3. Nc3 Bg7 4. Nf3 O-O 5. e4 d6 6. h3 Nbd7 7. Be2 b6 8. Be3 e5 9. dxe5 Nxe5 10. Nxe5 dxe5 11. Qc2 Bb7 12. O-O Qd7 13. Rad1 Qc6 14. f3 Nh5 15. Nd5 Rae8 16. Kh2 Nf6 17. Qb3 Nxd5 18. cxd5 Qd6 19. Rc1 f5 20. Bb5 Re7 21. Rfd1 Ref7 22. Bc6 Bc8 23. Ba4 Bb7 24. Bc5 bxc5 25. Qxb7 fxe4 26. fxe4 Bh6 27. Rb1 Bf4+ 28. Kh1 Qf6 29. Qb3 Qg5 30. Rf1 c4 31. Qf3 Be3 32. Qe2 Rf2 33. Rxf2 Rxf2 34. Qg4 Qxg4 35. hxg4 Rf4 36. Bd7 Rxe4 37. Re1 Kf8 38. Bc6 Rxg4 39. Rxe3 Rg5 40. Bb5 Ke7 41. Bxc4 Kd6 42. Kg1 Rg4 43. b3 h5 44. Kf2 g5 45. g3 e4 46. Be2 1-0

[Event "24th Bosnjaci Open 2019"]
[Site "Bosnjaci"]
[Date "2019.01.08"]
[Round "7.21"]
[White "Radovic, Sinisa"]
[Black "Kovac, Petar"]
[Result "1/2-1/2"]
[ECO "E14"]
[WhiteElo "1955"]
[BlackElo "1747"]
[Annotator "NA"]
[PlyCount "90"]
[EventDate "2019.01.03"]
[EventType "swiss"]
[EventCountry "CRO"]
[TimeControl "5400+30"]

1. d4 d5 2. c4 e6 3. Nf3 Nf6 4. e3 Be7 5. Nc3 O-O 6. Bd3 b6 7. O-O Bb7 8. cxd5 exd5 9. a3 Nbd7 10. Re1 Ne4 11. Nd2 Nxd2 12. Bxd2 c5 13. Ne2 c4 14. Bc2 b5 15. Ng3 Re8 16. Nf5 Bf8 17. f3 g6 18. Ng3 Nb6 19. Ba5 Bg7 20. a4 a6 21. Qd2 Qf6 22. Bc3 h5 23. a5 Nd7 24. Rad1 Bh6 25. Nf1 Re7 26. Qf2 Rae8 27. f4 Nb8 28. Bb4 Rd7 29. Bc5 Bf8 30. Bb6 Nc6 31. Ra1 Bd6 32. Nd2 Bc7 33. Bxc7 Rxc7 34. Nf3 Qd6 35. Ne5 Nxe5 36. fxe5 Qb4 37. Qf6 Rc6 38. Qf2 Qxb2 39. Rf1 Rc7 40. Rfc1 b4 41. Qg3 Re6 42. Bf5 Bc8 43. Bc2 Bb7 44. Bf5 Qc3 45. Bc2 Qb2 1/2-1/2

[Event "24th Bosnjaci Open 2019"]
[Site "Bosnjaci"]
[Date "2019.01.08"]
[Round "7.22"]
[White "Pleh, Semir"]
[Black "Golub, Nikolina"]
[Result "1/2-1/2"]
[ECO "D30"]
[WhiteElo "1767"]
[BlackElo "1925"]
[Annotator "NA"]
[PlyCount "116"]
[EventDate "2019.01.03"]
[EventType "swiss"]
[EventCountry "CRO"]
[TimeControl "5400+30"]

1. c4 e6 2. Nf3 d5 3. d4 Nf6 4. Qc2 Be7 5. b3 O-O 6. g3 c5 7. e3 Nc6 8. Bb2 b6 9. Bg2 Bb7 10. O-O Qc7 11. Nbd2 Rac8 12. Rac1 Ne4 13. a3 Nxd2 14. Nxd2 Rfd8 15. dxc5 bxc5 16. cxd5 exd5 17. Qf5 g6 18. Qf3 Ne5 19. Qe2 Qd6 20. Bxe5 Qxe5 21. Nf3 Qe6 22. Qc2 Ba6 23. Rfd1 Bf6 24. Bf1 Bb7 25. Bg2 a5 26. Nd2 Ba6 27. Bf1 Bb7 28. Bg2 Qb6 29. e4 dxe4 30. Bxe4 Ba6 31. a4 Qb4 32. Nc4 Rd4 33. Rxd4 Bxd4 34. Rb1 Re8 35. Bg2 Re6 36. Bf1 Bb7 37. Qd2 Qxd2 38. Nxd2 Rf6 39. Bg2 Rxf2 40. Bxb7 Rxd2+ 41. Kh1 Rb2 42. Rxb2 Bxb2 43. Bd5 Kg7 44. Kg2 f5 45. h3 Kf6 46. Kf3 Bc1 47. g4 h6 48. Bg8 g5 49. gxf5 Kxf5 50. Bh7+ Kf6 51. Kg4 Bd2 52. Bd3 Ke5 53. Bg6 c4 54. bxc4 Kd4 55. Bf7 Kc5 56. Be8 Kxc4 57. Bd7 Kd4 58. Be8 Kd5 1/2-1/2